 Dungeon Crawl Stone Soup version 0.14-a0-1546-g4b4961f (webtiles) character file.

1643 M4edhros the Poker (level 6, -21/44 HPs)
             Began as an Octopode Chaos Knight on Dec 18, 2013.
             Was a Plaything of Xom.
             Engulfed by a cloud of flame (22 damage)
             ... on Level 4 of the Dungeon.
             The game lasted 00:04:11 (2541 turns).

M4edhros the Poker (Octopode Chaos Knight)          Turns: 2541, Time: 00:04:11

HP -21/44        AC  1     Str 14      XL: 6   Next: 67%
MP   6/6         EV 13     Int 16      God: Xom
Gold 1280        SH  0     Dex 11      Spells:  0 memorised,  5 levels left

rFire  . . .     SeeInvis .     a - +0 spear (chaos)
rCold  . . .     Clarity  .     (no shield)
rNeg   . . .     Conserve .     (helmet restricted)
rPois  .         rCorr    .     (no amulet)
rElec  .         rRot     .     (no ring)
SustAb . .       Spirit   .     (no ring)
rMut   .         Warding  .     (no ring)
Saprov . . .     Stasis   .     (no ring)
                                (no ring)
                                (no ring)
                                (no ring)
                                (no ring)

@: slightly resistant to hostile enchantments, fairly stealthy
A: almost no armour, amphibious, 8 rings, constrict 8, camouflage 1, strong 1,
gelatinous body 1
a: Renounce Religion


You were on level 4 of the Dungeon.
You worshipped Xom.
You were a special plaything of Xom.
You were hungry.

You visited 1 branch of the dungeon, and saw 4 of its levels.

You collected 1280 gold pieces.

Inventory:

Hand weapons
 a - a +0,+0 spear of chaos (weapon)
 b - a +1,+2 war axe of freezing
Comestibles
 c - 3 bread rations
 o - a rotting chunk of goblin flesh
Scrolls
 e - 3 scrolls of teleportation {unknown}
 f - 2 scrolls of curse armour {unknown}
 g - 3 scrolls of identify {unknown}
 h - a scroll of random uselessness {unknown}
 i - 2 scrolls of fear {unknown}
 j - a scroll of blinking {unknown}
 k - 5 scrolls of remove curse {unknown}
 m - a scroll of immolation {unknown}
Jewellery
 l - an uncursed amulet of faith {unknown}
Potions
 d - a potion of restore abilities
 n - a potion of curing


   Skills:
 + Level 4.3 Fighting
 * Level 5.6 Polearms
 + Level 3.9 Dodging


You had 5 spell levels left.
You didn't know any spells.

Dungeon Overview and Level Annotations

Branches:
Dungeon (4/16)
 Temple: D:4-7

Altars:
Okawaru
Vehumet
Xom

Annotations:
D:3 M4edhros' ghost, average OpCK
D:4 Purgy


Innate Abilities, Weirdness & Mutations

You cannot wear most types of armour.
You are amphibious.
You can wear up to eight rings at the same time.
You can use your tentacles to constrict many enemies at once.
Your skin changes colour to match your surroundings (Stlth).
Your rubbery body absorbs attacks (AC +1).
Your muscles are strong. (Str +2)


Message History

A large net falls down onto the orc!
The orc is caught in the net!
The orc struggles to escape the net.
Found a shimmering altar of Xom.
The orc struggles to escape the net.
You are engulfed in roaring flames.
Ouch! That really hurt!
The orc struggles to escape the net.
The orc breaks free.
Attack whom?
Press: ? - help, Dir - move target cursor, f - orc
Aim: an orc, wielding a runed orcish short sword (heavily wounded, poisoned)
You reach to attack!
You closely miss the orc.
The orc is heavily wounded.
You are engulfed in roaring flames.
* * * LOW HITPOINT WARNING * * *
You are too injured to fight recklessly!
You are engulfed in roaring flames.
One of your 2 scrolls labeled THRUAL ARPHUNG catches fire!
Ouch! That really hurt!
You die...
Xom is highly amused!

#........###########
#...................
#.###...)...........
#.#_#...)...........
#.#.#...).....(...%)
#.#.#.........(.....
#.#^#.......(.......
#.#o#...............
#.#@#...............
###ยง##.#############
#.##.# #.##.# #.##.#
#....# ######


You could see an orc.

Vanquished Creatures
  An ice beast (D:3)
  2 scorpions (D:4)
  3 orc wizards
  A worker ant (D:4)
  5 adders (D:2)
  2 giant mites (D:3)
  2 giant geckos
  4 orcs
  7 bats
  7 giant cockroaches
  7 hobgoblins
  6 kobolds
  A quokka (D:2)
  11 giant newts
  9 goblins
  8 rats
  A rat skeleton (D:4)
77 creatures vanquished.

Vanquished Creatures (collateral kills)
  An adder (D:3)
  2 orcs (D:3)
3 creatures vanquished.

Grand Total: 80 creatures vanquished

Notes
Turn   | Place    | Note
--------------------------------------------------------------
     0 | D:1      | M4edhros, the Octopode Chaos Knight, began the quest for the Orb.
     0 | D:1      | Reached XP level 1. HP: 16/16 MP: 1/1
   239 | D:1      | Reached XP level 2. HP: 19/21 MP: 2/2
   616 | D:1      | XOM: harmless Hex miscast
   716 | D:2      | Reached XP level 3. HP: 22/26 MP: 3/3
   800 | D:2      | XOM: divination: magic mapping
   947 | D:2      | XOM: divination: magic mapping
   994 | D:2      | Reached skill level 4 in Polearms
  1005 | D:2      | Reached XP level 4. HP: 31/31 MP: 4/4
  1093 | D:2      | XOM: polymorph giant gecko -> hobgoblin
  1345 | D:2      | XOM: medium Ice miscast
  1486 | D:3      | XOM: god gift: 960 gold pieces
  1539 | D:3      | XOM: vitrification
  1540 | D:3      | Gained mutation: Your muscles are strong. (Str +2) [potion of beneficial mutation]
  1544 | D:3      | Reached XP level 5. HP: 20/36 MP: 5/5
  1545 | D:3      | Noticed an ice beast
  1546 | D:3      | XOM: summons friendly iron imp
  1565 | D:3      | HP: 1/36 [ice beast (5)]
  1568 | D:3      | Killed an ice beast
  1568 | D:3      | Reached skill level 5 in Polearms
  1690 | D:3      | XOM: harmless Divn miscast
  1732 | D:3      | Reached XP level 6. HP: 11/43 MP: 6/6
  1766 | D:3      | XOM: god gift: 37 gold pieces
  1821 | D:3      | Found an iron altar of Okawaru.
  2015 | D:3      | Noticed M4edhros' ghost (average OpCK)
  2072 | D:4      | Noticed Purgy
  2328 | D:4      | Found a radiant altar of Vehumet.
  2537 | D:4      | Found a shimmering altar of Xom.
  2540 | D:4      | HP: 1/44 [cloud of flame (21)]
  2541 | D:4      | Engulfed by a cloud of flame

Action                   |  1- 3 |  4- 6 || total
-------------------------+-------+-------++-------
Melee: Spear             |    68 |   137 ||   205
  Use: Potion            |     2 |     6 ||     8
 Stab: Sleeping          |     7 |     7 ||    14
       Paralysed         |     1 |       ||     1
